 Dungeon Crawl Stone Soup version 0.21-a0-522-ga8338f0 (webtiles) character file.

3917 slep the Cleaver (level 10, -4/51 HPs)
             Began as a Vine Stalker Gladiator on Dec 6, 2017.
             Slain by a black mamba (6 damage)
             ... on level 1 of the Lair of Beasts.
             The game lasted 00:31:58 (5333 turns).

slep the Cleaver (Vine Stalker Gladiator)           Turns: 5333, Time: 00:31:59

Health: -4/51      AC: 10    Str: 22    XL:     10   Next: 20%
Magic:  0/11       EV: 15    Int:  8    God:
Gold:   451        SH:  0    Dex: 18    Spells: 9/9 levels left

rFire    + . .     SeeInvis +   a - +1 hand axe (elec)
rCold    + . .     Gourm    .   (no shield)
rNeg     . . .     Faith    .   u - +1 leather armour of Utoil {rF+ Str+4 SInv}
rPois    .         Spirit   +   r - +1 helmet
rElec    .         Reflect  .   K - +1 cloak
rCorr    .         Harm     .   (no gloves)
MR       +....                  O - +0 pair of boots
Stlth    ++........             M - amulet of guardian spirit
HPRegen  0.57/turn              v - ring of protection from cold
MPRegen  0.12/turn              P - ring of loudness (curse)

@: hasted, very quick
A: fangs 3, regeneration 1, magic shield, antimagic bite, no potion heal 3, rot
immunity
a: no special abilities


You were on level 1 of the Lair of Beasts.
You were near starving.

You visited 3 branches of the dungeon, and saw 10 of its levels.
You also visited: Ossuary.

You collected 451 gold pieces.

Inventory:

Hand Weapons
 a - a +1 hand axe of electrocution (weapon)
 A - the +11 mace "Uskoin" {holy, rElec rF+ Str+2 Int-3}
   (You found it on level 6 of the Dungeon)

   It has been blessed by the Shining One to cause great damage to the undead
   and demons.
   It affects your strength (+2).
   It affects your intelligence (-3).
   It protects you from fire.
   It insulates you from electricity.
 C - the +1 mace "Cuets" {drain, rElec}
   (You found it on level 6 of the Dungeon)

   A truly terrible weapon, it drains the life of those it strikes.
   It insulates you from electricity.
 D - a +2 hand axe
 F - a +0 flail of holy wrath
Missiles
 d - 5 throwing nets (quivered)
Armour
 h - a +0 ring mail
 n - a +0 crystal plate armour
 r - a +1 helmet (worn)
 u - the +1 leather armour of Utoil (worn) {rF+ Str+4 SInv}
   (You found it on level 4 of the Dungeon)

   It affects your strength (+4).
   It protects you from fire.
   It lets you see invisible.
 K - a +1 cloak (worn)
 O - a +0 pair of boots (worn)
Jewellery
 p - an uncursed ring of stealth
 t - an uncursed ring of protection from fire
 v - a ring of protection from cold (left hand)
 M - an amulet of guardian spirit (around neck)
 P - a cursed ring of loudness (right hand)
Wands
 y - a wand of digging (9)
 L - a wand of scattershot (6)
Scrolls
 j - a scroll of immolation
 k - a scroll of enchant weapon {unknown}
 l - 2 scrolls of amnesia
 m - 2 scrolls of enchant armour
 q - 6 scrolls of teleportation
 s - 4 scrolls of identify
 w - a scroll of remove curse
 E - a scroll of blinking {unknown}
 I - a scroll of holy word {unknown}
 J - a scroll of random uselessness {unknown}
 N - a scroll of fear {unknown}
Potions
 b - a potion of berserk rage
 c - a potion of invisibility {unknown}
 e - a potion of heal wounds {unknown}
 i - 3 potions of lignification {unknown}
 x - a potion of flight {unknown}
 z - a potion of magic {unknown}
 B - a potion of agility {unknown}
 G - a potion of curing
 H - a potion of haste
Comestibles
 f - 6 bread rations
 g - 4 meat rations
 o - a royal jelly


   Skills:
 + Level 5.5 Fighting
 + Level 9.1(9.4) Axes
 + Level 3.0(6.6) Maces & Flails
 + Level 1.8 Throwing
 + Level 4.2 Armour
 + Level 4.8 Dodging
 + Level 5.2 Stealth


You had 9 spell levels left.
You didn't know any spells.

Dungeon Overview and Level Annotations

Branches:
Dungeon (8/15)             Temple (1/1) D:4            Lair (1/6) D:8

Altars:
Ashenzari
Cheibriados
Elyvilon
Fedhas
Gozag
Kikubaaqudgha
Makhleb
Nemelex Xobeh
Qazlal
Ru
Sif Muna
Trog
Uskayaw
Vehumet
Wu Jian
Xom
Yredelemnul
Zin
The Shining One

Shops:
D:6 [   D:7 (


Innate Abilities, Weirdness & Mutations

You have razor-sharp teeth.
Your natural rate of healing is unusually fast.
When hurt, damage is shared between your health and your magic reserves.
Your bite disrupts and absorbs the magic of your enemies.
Potions cannot restore your health.
You are immune to rotting.


Message History

You closely miss the black mamba. You bite the black mamba.
You drain its power.
You feel invigorated.
The black mamba is heavily wounded.
You feel sick. The black mamba closely misses you. The black mamba bites you!
* * * LOW HITPOINT WARNING * * *
It was a potion of curing.
Your system rejects the healing.
You feel better. The black mamba bites you.
* * * LOW HITPOINT WARNING * * *
You are lethally poisoned!
The black mamba poisons you!
You feel yourself speed up.
* * * LOW HITPOINT WARNING * * *
You feel sick. The black mamba closely misses you. The black mamba bites you!
* * * LOW HITPOINT WARNING * * *
Your system rejects the healing.
You feel better. The black mamba barely misses you.
You barely miss the black mamba.
The black mamba is heavily wounded.
The black mamba bites you.
You die...

#.............#
#.<...........#
#.............#
#.............#
##...........#
#...........#
######...........#
...................
..........@S.......
...................
...................
...................
.......!...........
...................
.....#..........##
..#####.........#
.# #.........


You could see a black mamba.

Vanquished Creatures
  The ghost of Inus the Destroyer, a novice TeCj of Vehumet (D:7)
  The ghost of 0x5F3759DF the Thaumaturge, a novice DENe of Sif Muna (D:6)
  Sigmund (D:3)
  Menkaure (D:5)
  A black bear (D:5)
  2 phantoms (D:6)
  Purgy (D:3)
  5 ice beasts
  A sky beast (D:6)
  An ogre (D:6)
  A centaur (D:6)
  Blork the orc (D:6)
  3 bullfrogs (D:6)
  2 scorpions
  A killer bee (Lair:1)
  5 wights (D:6)
  4 crimson imps
  6 centaur zombies (Ossuary)
  A bullfrog zombie (D:6)
  4 hounds
  Crazy Yiuf (D:6)
  7 orc wizards
  2 iguanas
  Natasha (twice) (D:3)
  5 worker ants
  5 big kobold zombies (Ossuary)
  A hound skeleton (D:4)
  4 mummies (Ossuary)
  5 adders
  2 oozes
  An adder zombie (D:5)
  A worm (D:4)
  2 dart slugs
  A leopard gecko (D:3)
  22 orcs
  2 ball pythons
  3 bat zombies (D:6)
  5 giant cockroaches
  6 goblins
  7 hobgoblins
  16 jackals
  5 quokkas
  5 bats
  5 frilled lizards
  2 hobgoblin zombies (Ossuary)
  5 kobolds
  A leopard gecko skeleton (D:5)
  A quokka skeleton (D:5)
  7 rats
  3 rat zombies (D:6)
  A plant (D:1)
178 creatures vanquished.

Notes
Turn   | Place    | Note
-------+----------+-------------------------------------------
     0 | D:1      | slep the Vine Stalker Gladiator began the quest for the Orb.
     0 | D:1      | Reached XP level 1. HP: 11/11 MP: 2/2
   160 | D:1      | Reached XP level 2. HP: 10/15 MP: 3/3
  1086 | D:2      | Reached skill level 3 in Axes
  1252 | D:2      | Found an opulent altar of Gozag.
  1298 | D:2      | Reached XP level 3. HP: 15/18 MP: 4/4
  1640 | D:3      | Noticed Purgy
  1657 | D:2      | Gained mutation: Your natural rate of healing is unusually fast. [Vine Stalker growth]
  1657 | D:2      | Reached XP level 4. HP: 18/23 MP: 5/5
  1679 | D:3      | Killed Purgy
  1679 | D:3      | Reached skill level 4 in Axes
  1679 | D:3      | Reached skill level 1 in Armour
  1679 | D:3      | Reached skill level 1 in Stealth
  1679 | D:3      | Reached XP level 5. HP: 18/27 MP: 6/6
  1691 | D:3      | Reached XP level 6. HP: 27/32 MP: 7/7
  1807 | D:3      | Noticed Natasha
  1815 | D:3      | Killed Natasha
  1920 | D:3      | Noticed Sigmund
  1952 | D:3      | Found a shattered altar of Ashenzari.
  1954 | D:3      | Reached skill level 5 in Axes
  2325 | D:3      | Noticed Natasha
  2331 | D:3      | Killed Natasha
  2419 | D:4      | Found a staircase to the Ecumenical Temple.
  2428 | Temple   | Entered the Ecumenical Temple
  2554 | D:4      | Got a faintly glowing leather armour
  2565 | D:4      | Identified the cursed +1 leather armour of Utoil {rF+ Str+4 SInv} (You found it on level 4 of the Dungeon)
  2684 | D:4      | Found a sparkling altar of Nemelex Xobeh.
  2706 | D:4      | Reached XP level 7. HP: 30/36 MP: 8/8
  2946 | D:5      | Entered Level 5 of the Dungeon
  2946 | D:5      | Noticed Menkaure
  2995 | D:5      | Found a stormy altar of Qazlal.
  3156 | D:5      | Reached skill level 6 in Axes
  3408 | D:5      | Gained mutation: You have razor-sharp teeth. [Vine Stalker growth]
  3408 | D:5      | Reached XP level 8. HP: 37/40 MP: 7/9
  3637 | D:3      | Killed Sigmund
  3786 | D:5      | Killed Menkaure
  3786 | D:5      | Reached skill level 7 in Axes
  3857 | D:6      | Found a runed door.
  3858 | D:6      | Got a translucent mace
  3862 | D:6      | Got a transparent mace
  3949 | D:6      | Noticed 0x5F3759DF's ghost (novice DENe)
  3954 | D:6      | Reached XP level 9. HP: 45/45 MP: 10/10
  3978 | D:6      | Killed 0x5F3759DF's ghost
  3978 | D:6      | Reached skill level 8 in Axes
  4027 | D:6      | Found Ruofextese's Armour Boutique.
  4048 | D:6      | Noticed Blork the orc
  4051 | D:6      | Found a sand-covered staircase.
  4055 | D:6      | Killed Blork the orc
  4070 | Ossuary  | Entered an ossuary
  4123 | Ossuary  | Identified the +11 mace "Uskoin" {holy, rElec rF+ Str+2 Int-3} (You found it on level 6 of the Dungeon)
  4124 | Ossuary  | Identified the cursed +1 mace "Cuets" {drain, rElec} (You found it on level 6 of the Dungeon)
  4312 | D:6      | Reached skill level 5 in Fighting
  4320 | D:6      | Found an ancient bone altar of Kikubaaqudgha.
  4372 | D:6      | Reached skill level 1 in Maces & Flails
  4676 | D:6      | Noticed Crazy Yiuf
  4680 | D:6      | Killed Crazy Yiuf
  4762 | D:7      | Found Hiokkuv's Antique Weapon Shop.
  4814 | D:7      | Reached XP level 10. HP: 50/51 MP: 9/11
  4865 | D:7      | Reached skill level 9 in Axes
  4914 | D:7      | Noticed Inus's ghost (novice TeCj)
  4923 | D:7      | Killed Inus's ghost
  4923 | D:7      | Reached skill level 5 in Stealth
  5030 | D:7      | Found a deep blue altar of Sif Muna.
  5290 | D:8      | Found a staircase to the Lair.
  5304 | Lair:1   | Entered Level 1 of the Lair of Beasts
  5318 | Lair:1   | Noticed a black mamba
  5331 | Lair:1   | HP: 1/51 [black mamba (6)]
  5333 | Lair:1   | Slain by a black mamba

Vault maps used:
D:1:      kilobyte_arrival_exit_the_forest
D:2:      nicolae_gozag_seed_capital, first_bread
D:3:      nicolae_overflow_crystal_walls, uniq_natasha, uniq_purgy, uniq_sigmund
D:4:      nemelex_xobeh_ov_fountains_minmay,
          minmay_temple_entry_statues_pillars, corexii_item_surrounded_by_moat
D:5:      kennysheep_mini_moat, uniq_menkaure
D:6:      lemuel_zombie_altar_kikubaaqudgha,
          nicolae_ossuary_entry_false_entrances, serial_shops, shop,
          uniq_blork_the_orc, uniq_crazy_yiuf_cottage
D:7:      led_sif_pool, serial_shops, shop
D:8:      overflow_temple_1_default, lair_entry_dummy, serial_shops, shop,
          minmay_guarded_unrand_variability, uniq_maurice
Temple:   cyrus_circular_temple
Lair:1:   grunt_megastairs_5
Ossuary:  ossuary_the_hunt_dpeg

Skill      XL: |  1  2  3  4  5  6  7  8  9 10 |
---------------+-------------------------------+-----
Fighting       | 2 3 4 5 |  5.5
Axes           | 3 4 5 6 7 8 9 |  9.1
Armour         | 1 2 3 4 |  4.2
Stealth        | 1 2 3 4 5 |  5.2
Dodging        | 3 4 |  4.8
Maces & Flails | 2 3 |  3.0
Throwing       | |  1.8

Action                   |  1- 3 |  4- 6 |  7- 9 | 10-12 || total
-------------------------+-------+-------+-------+-------++-------
Melee: War axe           |   102 |    25 |       |       ||   127
       Bite              |    38 |    41 |    99 |    10 ||   188
       Hand axe          |       |    78 |   231 |    34 ||   343
       Mace              |       |       |    35 |       ||    35
  Use: Scroll            |       |       |     7 |       ||     7
       Potion            |       |       |       |     3 ||     3
 Stab: Sleeping          |       |     2 |     6 |     2 ||    10
  Eat: Chunk             |     2 |     4 |     7 |       ||    13
Armor: Leather armour    |     3 |     2 |    51 |     5 ||    61
       Ring mail         |    20 |    46 |       |       ||    66
Dodge: Dodged            |    51 |    90 |   143 |    25 ||   309

Table legend:
 A = Spawn XP
 B = Non-spawn XP
 C = Spawn XP percentage of total XP
 D = Spawn monster count
 E = Non-spawn monster count
 F = Spawn count percentage of total count
 G = Total turns spent on level
                    A         B        C        D         E        F      G
               +---------+---------+-------+---------+---------+-------+---------
         Total |       0 |    5596 |   0.0 |       0 |     177 |   0.0 |  5333
               +---------+---------+-------+---------+---------+-------+---------
           D:1 |       0 |      17 |   0.0 |       0 |      11 |   0.0 |  1072
           D:2 |       0 |      97 |   0.0 |       0 |      18 |   0.0 |   610
           D:3 |       0 |     586 |   0.0 |       0 |      36 |   0.0 |   818
           D:4 |       0 |     191 |   0.0 |       0 |      13 |   0.0 |   613
           D:5 |       0 |     890 |   0.0 |       0 |      24 |   0.0 |   646
           D:6 |       0 |    2318 |   0.0 |       0 |      43 |   0.0 |   737
           D:7 |       0 |     824 |   0.0 |       0 |      13 |   0.0 |   463
           D:8 |       0 |     132 |   0.0 |       0 |       1 |   0.0 |   120
        Lair:1 |       0 |      59 |   0.0 |       0 |       1 |   0.0 |    29
       Ossuary |       0 |     482 |   0.0 |       0 |      17 |   0.0 |   172
               +---------+---------+-------+---------+---------+-------+---------
